 Dungeon Sprint DCSS version 0.20.1-1-g8b1a95d (webtiles) character file.

7387 KoningWillie the Fencer (level 10, -5/107 HPs)
             Began as a Minotaur Fighter on Sept 22, 2017.
             Slain by an orc knight
             ... wielding a +2 great sword
              (45 damage)
             ... in the Dungeon (Sprint IX: "|||||||||||||||||||||||||||||").
             The game lasted 00:05:27 (1551 turns).

KoningWillie the Fencer (Minotaur Fighter)          Turns: 1551, Time: 00:05:28

Health: -5/107     AC: 14    Str: 23    XL:     10   Next: 92%
Magic:  9/9        EV: 14    Int:  8    God:
Gold:   522        SH: 14    Dex: 14    Spells: 9/9 levels left

rFire    . . .     SeeInvis .   v - +2 scimitar (flame)
rCold    . . .     Gourm    .   c - +0 shield
rNeg     . . .     Faith    .   p - +1 scale mail
rPois    .         Spirit   .   (helmet restricted)
rElec    .         Reflect  .   y - +0 cloak
rCorr    .         Harm     .   s - +0 pair of gloves
MR       .....     NoTele   +   t - +0 pair of boots
Stlth    +.........             (no amulet)
Regen    0.3/turn               q - +3 ring of dexterity
MPRegen  0.2/turn               r - +3 ring of intelligence

@: lethally poisoned (-5 -> -5)
A: retaliatory headbutt, horns 2
a: no special abilities


You were in the Dungeon.
You were not hungry.

You visited 1 branch You collected 522 gold pieces.

Inventory:

Hand Weapons
 u - a +1 vampiric broad axe
 v - a +2 scimitar of flaming (weapon)
Armour
 c - a +0 shield (worn)
 p - a +1 scale mail (worn)
 s - a +0 pair of gloves (worn)
 t - a +0 pair of boots (worn)
 y - a +0 cloak (worn)
Jewellery
 q - a +3 ring of dexterity (left hand)
 r - a +3 ring of intelligence (right hand)
Wands
 o - a wand of iceblast (7/15)
Scrolls
 l - 5 scrolls of remove curse
 m - 2 scrolls of amnesia
 n - 3 scrolls of blinking
 w - 2 scrolls of identify
Potions
 d - 2 potions of might
 e - 5 potions of curing
 g - a potion of invisibility
 h - 2 potions of haste
 i - 4 potions of magic
 j - a potion of berserk rage
 k - 4 potions of heal wounds
Comestibles
 f - 13 meat rations
 x - 40 fruits
 z - 12 bread rations


   Skills:
 + Level 16.2 Fighting
 + Level 16.8 Long Blades
 + Level 12.1 Armour
 + Level 6.7 Dodging
 + Level 1.6 Stealth
 + Level 14.8 Shields


You had 9 spell levels left.
You didn't know any spells.

Dungeon Overview and Level Annotations

Branches:
Dungeon (1/1)

Altars:
Cheibriados
Dithmenos
Elyvilon
Fedhas
Gozag
Hepliaklqana
Kikubaaqudgha
Makhleb
Nemelex Xobeh
Okawaru
Qazlal
Ru
Sif Muna
Trog
Uskayaw
Vehumet
Xom
Yredelemnul
Zin
The Shining One
Beogh
Jiyva
Lugonu


Innate Abilities, Weirdness & Mutations

You reflexively headbutt those who attack you in melee.
You have a pair of horns on your head.


Message History

You hit the orc knight but do no damage.
You headbutt the orc knight, but do no damage.
The orc knight is lightly wounded.
The orc knight roars a battlecry!
The orcs go into a battle-frenzy!
You block the orc warrior's attack.
You completely miss the orc knight.
You headbutt the orc knight, but do no damage.
The orc knight is lightly wounded.
The orc wizard begins to cast a cantrip, but forgets the words!
You block the orc knight's attack.
You slash the orc knight! You burn the orc knight.
You headbutt the orc knight, but do no damage.
The orc knight is moderately wounded.
You feel sick. The orc warrior misses you.
You hit the orc knight but do no damage.
You headbutt the orc knight, but do no damage.
The orc knight is moderately wounded.
The orc knight hits you with an enchanted great sword!!!
You die...

▓_▓.▓.▓.▓.▓
▓_▓.▓†▓.▓.▓
▓_▓.▓.▓.▓)▓
▓_▓.▓.▓.▓)▓
▓_▓.▓.▓.▓.▓
▓_▓.▓.▓.▓.▓
▓_▓.▓.▓.▓.▓
▓_▓.▓.▓.▓)▓
▓_▓.▓.▓.▓@▓
▓_▓.▓.▓.▓o▓
▓_▓.▓.▓.▓o▓
▓_▓.▓†▓.▓o▓
▓_▓.▓†▓.▓o▓
▓_▓.▓†▓.▓o▓
▓_▓.▓.▓.▓o▓
▓_▓.▓.▓.▓o▓
▓.▓.▓.▓.▓


You could see an orc knight, an orc high priest, 4 orc warriors and an orc
wizard.

Vanquished Creatures
  A hydra (D)
  4 orc knights (D)
  A manticore (D)
  2 black mambas (D)
  2 spiny frogs (D)
  A komodo dragon (D)
  2 yaks (D)
  A basilisk (D)
  A wraith (D)
  2 wargs (D)
  2 hell hounds (D)
  3 water moccasins (D)
  6 orc warriors (D)
  A porcupine (D)
  A sky beast (D)
  An ogre (D)
  5 wolves (D)
  2 crocodiles (D)
  2 bullfrogs (D)
  A big kobold (D)
  A scorpion (D)
  A killer bee (D)
  A crimson imp (D)
  A jelly (D)
  An orc priest (D)
  3 orc wizards (D)
  An adder (D)
  A shadow imp (D)
  An adder skeleton (D)
  A leopard gecko (D)
  7 orcs (D)
  2 hobgoblins (D)
  A ball python (D)
  A rat (D)
64 creatures vanquished.

Notes
Turn   | Place    | Note
-------+----------+-------------------------------------------
     0 | D        | KoningWillie the Minotaur Fighter began the quest for the Orb.
     0 | D        | Reached XP level 1. HP: 19/19 MP: 0/0
    23 | D        | Noticed a crimson imp
    23 | D        | Noticed a jelly
    23 | D        | Noticed an ogre
    34 | D        | Killed a jelly
    34 | D        | Reached skill level 5 in Fighting
    34 | D        | Reached skill level 5 in Armour
    34 | D        | Reached skill level 5 in Shields
    34 | D        | Reached XP level 2. HP: 8/29 MP: 1/1
    34 | D        | Reached XP level 3. HP: 10/36 MP: 2/2
    47 | D        | Killed an ogre
    47 | D        | Reached skill level 5 in Long Blades
    47 | D        | Reached XP level 4. HP: 40/47 MP: 3/3
    56 | D        | Reached XP level 5. HP: 47/53 MP: 4/4
    72 | D        | Found a roughly hewn altar of Beogh.
    72 | D        | Found a snail-covered altar of Cheibriados.
    72 | D        | Found a shadowy altar of Dithmenos.
    72 | D        | Found a white marble altar of Elyvilon.
    72 | D        | Found a blossoming altar of Fedhas.
    72 | D        | Found an opulent altar of Gozag.
   103 | D        | Found a hazy altar of Hepliaklqana.
   104 | D        | Found a viscous altar of Jiyva.
   105 | D        | Found an ancient bone altar of Kikubaaqudgha.
   106 | D        | Found a corrupted altar of Lugonu.
   107 | D        | Found a burning altar of Makhleb.
   108 | D        | Found a sparkling altar of Nemelex Xobeh.
   109 | D        | Found an iron altar of Okawaru.
   110 | D        | Found a stormy altar of Qazlal.
   111 | D        | Found a sacrificial altar of Ru.
   112 | D        | Found a deep blue altar of Sif Muna.
   113 | D        | Found a bloodstained altar of Trog.
   114 | D        | Found a hide-covered altar of Uskayaw.
   115 | D        | Found a radiant altar of Vehumet.
   117 | D        | Found a shimmering altar of Xom.
   118 | D        | Found a basalt altar of Yredelemnul.
   119 | D        | Found a glowing silver altar of Zin.
   120 | D        | Found a glowing golden altar of the Shining One.
   162 | D        | Noticed an orc warrior
   162 | D        | Noticed a sky beast
   162 | D        | Noticed a wraith
   162 | D        | Noticed an orc warrior
   167 | D        | Killed an orc warrior
   168 | D        | Killed a sky beast
   168 | D        | Reached XP level 6. HP: 46/64 MP: 5/5
   172 | D        | Killed a wraith
   172 | D        | Reached skill level 10 in Fighting
   172 | D        | Reached skill level 1 in Stealth
   172 | D        | Reached skill level 10 in Shields
   177 | D        | Reached XP level 7. HP: 52/72 MP: 6/6
   385 | D        | Noticed a manticore
   395 | D        | Killed a manticore
   395 | D        | Reached skill level 10 in Long Blades
   395 | D        | Reached skill level 1 in Dodging
   395 | D        | Reached XP level 8. HP: 12/82 MP: 7/7
   414 | D        | Reached skill level 10 in Armour
   674 | D        | Noticed a spiny frog
   676 | D        | Noticed a spiny frog
   687 | D        | Noticed a komodo dragon
   693 | D        | Noticed a black mamba
   697 | D        | Killed a spiny frog
   703 | D        | Reached XP level 9. HP: 74/93 MP: 8/8
   713 | D        | Killed a spiny frog
   719 | D        | Killed a komodo dragon
   726 | D        | Killed a black mamba
   832 | D        | Noticed a four-headed hydra
   832 | D        | Noticed a black mamba
   841 | D        | Killed a one-headed hydra
   841 | D        | Reached skill level 15 in Long Blades
   857 | D        | Reached skill level 5 in Dodging
   857 | D        | Reached XP level 10. HP: 74/104 MP: 9/9
   860 | D        | Killed a black mamba
   866 | D        | Reached skill level 15 in Fighting
  1135 | D        | Noticed an orc knight
  1147 | D        | Killed an orc knight
  1177 | D        | Noticed an orc knight
  1193 | D        | Killed an orc knight
  1518 | D        | Noticed an orc knight
  1518 | D        | Noticed an orc knight
  1525 | D        | Noticed an orc knight
  1530 | D        | Killed an orc knight
  1543 | D        | Killed an orc knight
  1544 | D        | Noticed an orc high priest
  1551 | D        | Slain by an orc knight

Skill      XL: |  1  2  3  4  5  6  7  8  9 10 |
---------------+-------------------------------+-----
Shields        | 5 7 9 10 11 13 14 | 14.8
Fighting       | 5 7 9 10 11 13 14 16 | 16.2
Armour         | 5 6 8 9 10 11 12 | 12.1
Long Blades    | 3 5 7 9 10 13 15 16 | 16.8
Stealth        | 1 |  1.6
Dodging        | 1 3 5 6 |  6.7

Action                   |  1- 3 |  4- 6 |  7- 9 | 10-12 || total
-------------------------+-------+-------+-------+-------++-------
Melee: Long sword        |    35 |     7 |       |       ||    42
       Headbutt          |     2 |       |    23 |    24 ||    49
       Scimitar          |       |    15 |   107 |   121 ||   243
  Use: Potion            |     1 |       |     2 |       ||     3
       Scroll            |     1 |       |       |       ||     1
  Eat: Bread ration      |       |       |       |     1 ||     1
Armor: Scale mail        |    15 |     2 |    10 |     8 ||    35
Dodge: Dodged            |    11 |     7 |    27 |    18 ||    63
Block: Shield            |    10 |    13 |    48 |    50 ||   121
       Rpst.: Scimitar   |       |     2 |    11 |     3 ||    16
